Map: Winter's Gate LE

Players

Mez - Winner!

  • Race: Terran Terran
  • League: Master
  • Spawn Location: 5:00

Euforia

  • Race: Zerg Zerg
  • League: Diamond
  • Spawn Location: 11:00

VOD

Have the link to the VOD?

Description

Time

  • Played on: Aug. 21, 2019, 11:07 p.m.
  • Length: 10:46
Show
View Real Time Build Order
Export as new Build Order

Mez Terran - Winner!

Build Orders: Liberator Opening, Reaper Expand 

Get SALT Encoding   

  12  0:00  SCV  
  13  0:13  SCV  
  14  0:17  Supply Depot  
  14  0:25  SCV  
  15  0:39  SCV  
  15  0:40  Barracks  
  16  0:45  Refinery  
  16  0:51  SCV  
  17  1:03  SCV  
  18  1:15  SCV  
  19  1:27  Reaper  
  19  1:28  Orbital Command  
  20  1:40  Command Center  
  20  1:50  Supply Depot  
  20  1:57  SCV  
  20  1:59  Marine  
  22  2:09  SCV  
  22  2:13  Factory  
  23  2:22  Barracks Reactor  
  23  2:23  SCV  
  23  2:26  Refinery  
  24  2:40  SCV  
  24  2:53  Orbital Command  
  24  2:54  SCV  
  25  2:59  Starport  
  25  3:05  Hellion x2  
  29  3:08  SCV  
  29  3:09  Barracks Tech Lab  
  29  3:11  Supply Depot  
  30  3:24  Liberator  
  30  3:26  Hellion x2  
  34  3:27  SCV  
  34  3:28  SCV  
  35  3:42  Marine  
  35  3:46  SCV  
  40  3:49  Hellion x2  
  44  3:57  SCV  
  44  3:58  SCV, Supply Depot  
  44  4:00  Marine  
  47  4:09  SCV  
  48  4:10  SCV  
  48  4:20  Barracks  
  48  4:21  Barracks  
  48  4:23  Factory Reactor  
  50  4:31  SCV x2  
  50  4:43  SCV x2  
  50  4:56  SCV  
  50  4:57  SCV  
  52  5:00  Command Center  
  48  5:08  SCV  
  43  5:14  Stimpack  
  43  5:15  Marine  
  43  5:16  Starport Reactor  
  43  5:17  SCV  
  43  5:18  Factory Tech Lab  
  43  5:21  SCV, Supply Depot  
  46  5:22  Marine x2  
  46  5:23  Marine x2  
  50  5:29  SCV  
  50  5:32  Marine  
  50  5:33  SCV  
  50  5:34  Refinery  
  53  5:36  Engineering Bay  
  53  5:38  Siege Tank, Engineering Bay  
  53  5:42  Refinery  
  56  5:43  Marine x3  
  56  5:48  Marine  
  60  5:50  Marine  
  60  5:52  Supply Depot  
  60  5:53  SCV x2  
  63  5:57  Medivac  
  63  5:58  Medivac  
  67  6:10  Marine, SCV x2  
  70  6:11  Marine x4  
  74  6:22  SCV x2  
  76  6:31  Supply Depot  
  75  6:32  Marine  
  75  6:33  Marine x4  
  80  6:47  Supply Depot, Orbital Command  
  80  6:49  SCV x2, Supply Depot  
  80  6:50  Marine x2  
  80  6:52  Marine x2  
  80  6:53  Marine  
  87  6:56  Terran Infantry Armor Level 1, Terran Infantry Weapons Level 1  
  87  6:58  Barracks  
  87  6:59  Barracks  
  87  7:08  Marine x2, Siege Tank  
  90  7:10  Marine x3  
  90  7:11  Combat Shield  
  90  7:14  SCV x2  
  97  7:24  Medivac x2  
  97  7:26  Marine x2  
  97  7:28  Marine x2  
  105  7:30  SCV x3  
  105  7:33  Supply Depot  
  105  7:35  Supply Depot  
  108  7:38  Marine  
  108  7:40  Armory  
  109  7:48  Barracks Reactor x2  
  109  7:55  Marine x3, SCV x3, Medivac  
  109  7:56  Siege Tank  
  112  8:11  Marine x2  
  112  8:12  Marine x2, Medivac  
  113  8:14  SCV x3  
  113  8:17  Supply Depot  
  118  8:21  Supply Depot  
  118  8:25  Medivac  
  118  8:26  SCV x3  
  123  8:35  Marine x2  
  123  8:37  Supply Depot  
  123  8:38  Marine x4, Siege Tank, SCV  
  133  8:42  Marine x3, SCV  
  133  8:43  Factory  
  137  8:52  Marine  
  137  8:53  Marine, Medivac  
  141  8:57  Refinery  
  141  8:58  Marine x3, Medivac, Refinery  
  141  8:59  Command Center  
  141  9:01  Supply Depot  
  141  9:18  Marine x7  
  141  9:22  Missile Turret  
  148  9:26  Missile Turret  
  148  9:27  Missile Turret  
  148  9:40  Thor  
  148  9:41  Factory Tech Lab  
  148  9:44  Marine x3  
  157  9:48  Factory  
  157  9:52  Supply Depot  
  157  9:53  Marine x6  
  163  10:02  Marine x3  
  166  10:11  Marine x4  
  153  10:32  Factory Tech Lab  
Show
View Real Time Build Order
Export as new Build Order

Euforia Zerg 

Build Orders: Hatch First, Muta Ling Bane 

Get SALT Encoding   

  12  0:00  Drone  
  13  0:12  Overlord  
  13  0:18  Drone  
  14  0:31  Drone x2  
  16  0:36  Drone  
  17  0:55  Drone, Hatchery  
  17  1:02  Extractor, Drone  
  17  1:15  Spawning Pool  
  16  1:19  Drone  
  16  1:22  Drone  
  18  1:31  Drone  
  19  1:41  Overlord  
  19  2:02  Metabolic Boost, Zergling x4  
  19  2:03  Queen  
  19  2:07  Queen  
  25  2:12  Drone  
  25  2:15  Drone  
  27  2:19  Drone  
  28  2:25  Drone  
  29  2:35  Drone  
  29  2:36  Drone  
  30  2:40  Drone  
  31  2:48  Queen  
  32  2:53  Zergling x4  
  34  3:05  Zergling x2  
  35  3:15  Hatchery  
  35  3:19  Zergling x2  
  35  3:20  Overlord  
  35  3:28  Drone  
  35  3:30  Overlord  
  35  3:42  Drone x2  
  35  3:43  Drone x2  
  35  3:45  Roach Warren, Drone  
  35  3:46  Drone  
  39  3:57  Overlord, Drone x2  
  39  4:00  Drone x2  
  43  4:05  Evolution Chamber  
  42  4:10  Overlord  
  42  4:14  Extractor  
  42  4:15  Lair, Drone x2  
  43  4:18  Drone x2  
  43  4:20  Extractor  
  43  4:23  Queen  
  46  4:28  Roach x2  
  50  4:36  Queen  
  53  4:38  Drone  
  53  4:44  Roach x3  
  54  5:00  Roach x2  
  52  5:10  Drone x2  
  52  5:12  Drone x3  
  57  5:22  Spore Crawler  
  57  5:26  Roach x4  
  64  5:33  Drone  
  65  5:36  Drone  
  65  5:37  Drone  
  67  5:48  Drone  
  67  5:49  Drone  
  68  5:55  Drone x3  
  71  5:59  Spire  
  70  6:10  Overlord  
  70  6:11  Overlord  
  70  6:13  Extractor  
  69  6:25  Overlord x2  
  67  6:39  Drone x4  
  65  6:44  Drone x3  
  65  6:46  Baneling Nest, Glial Reconstitution  
  67  6:48  Zerg Melee Weapons Level 1  
  67  6:49  Drone  
  67  6:51  Overlord, Drone x3  
  71  7:01  Drone x3  
  74  7:03  Extractor  
  74  7:04  Overlord, Drone x3  
  76  7:09  Drone x3  
  76  7:12  Drone x2  
  81  7:16  Mutalisk  
  81  7:17  Mutalisk  
  85  7:25  Overlord  
  85  7:26  Overlord  
  85  7:29  Drone  
  86  7:30  Overlord x2  
  86  7:32  Centrifical Hooks  
  86  7:34  Zergling x2  
  86  7:35  Zergling x2  
  88  7:43  Zergling x6  
  91  7:45  Zergling x4  
  91  7:46  Zergling x6  
  96  8:02  Mutalisk x2, Zergling x10  
  96  8:04  Mutalisk  
  99  8:09  Ravager  
  99  8:11  Drone x3  
  103  8:13  Baneling x2  
  103  8:18  Overlord x3  
  103  8:26  Overlord  
  102  8:27  Mutalisk, Overlord  
  102  8:33  Baneling x4  
  104  8:38  Hatchery  
  103  8:47  Zergling x2  
  103  8:48  Overlord, Zergling x6  
  107  8:49  Mutalisk x2  
  111  8:56  Overlord, Drone x4  
  111  8:57  Extractor  
  102  9:15  Zergling x4  
  102  9:16  Zergling x2  
  105  9:17  Zergling x8  
  105  9:21  Drone x2  
  106  9:27  Mutalisk x2  
  106  9:28  Mutalisk x2  
  106  9:31  Baneling x2  
  114  9:33  Overlord  
  114  9:37  Zergling x6  
  117  9:42  Zergling x6  
  117  9:43  Overlord  
  120  9:50  Drone x2  
  120  9:52  Drone x2  
  124  9:55  Baneling  
  124  10:02  Mutalisk x2  
  124  10:04  Zergling x8  
  132  10:09  Mutalisk  
  97  10:28  Zergling x4  
  97  10:29  Zergling x4  
Tags
 
Add a new tag
Caveats
  • Supply blocks, unpowered buildings, or Contaminate may cause inaccurate times.
  • Supply counts are checked every 10 seconds.